cohdb
Replays
Latest Replays
All Replays
Popular Replays
Top Player Replays
Match Explorer
How It Works
Community
CoH3 Stats
Reddit
Sign in to upload your games and track your stats! →
Sign in with Steam
Match 42530828
Unlisted
Match 42530828
Overview
Messages
Build Orders
End
Engineer Squad
Construct Barracks
Riflemen Squad
1⁄4-ton 4x4 Truck
Grenade Package
M1 Mortar Team
Infantry Support Center
Construct Weapon Support Center
Selects Heavy Weapons
Selects Assault Carriers
Selects Exchangeable Parts
M3 Assault Carrier
M3 Assault Carrier
M1919 Machine Gun Team
Selects M2HB .50cal Heavy Machine Gun
Construct Medical Station
M3 Assault Carrier
M1 Mortar Team
M1919 Machine Gun Team
Construct Tank Depot
M4A1 Sherman Medium Tank
M1919 Machine Gun Team
Riflemen Squad
M1 Mortar Team
Engineer Squad
M4A1 Sherman Medium Tank
Selects M26 Pershing Heavy Tank
M26 Pershing Heavy Tank
M18 Hellcat Tank Destroyer
Engineer Squad
Engineer Squad
Riflemen Squad
M1 Mortar Team
M4A1 Sherman Medium Tank
Selects Rapid Reposition
Selects Black Dragon Artillery Barrage
Captain Retinue
M4A1 Sherman Medium Tank
Black Dragon Artillery Barrage
M1919 Machine Gun Team
M1919 Machine Gun Team
TechT0nic
Tok3n x Operator
Ck320
Thanatos
0
0
Comments
sign in to comment!
No comments posted yet!